 Dungeon Sprint DCSS version 0.29.1-15-g9cfb28693d (webtiles) character file.

Game seed: 13841920950461418291

90304 Groucho the Impregnable (level 15, -2/158 HPs)
             Began as a Minotaur Fighter on Apr 5, 2023.
             Was the Champion of Cheibriados.
             Slain by a reaper
             ... wielding a +3 scythe of protection
              (28 damage)
             ... while paralysed by a sphinx
             ... in the Dungeon (Sprint VII: "The Pits").
             The game lasted 00:30:00 (9513 turns).

Groucho the Impregnable (Minotaur Fighter)          Turns: 9513, Time: 00:30:01

Health: -2/158     AC: 29    Str: 44    XL:     15   Next: 51%
Magic:  30/30      EV:  2    Int: 22    God:    Cheibriados [******]
Gold:   81         SH:  0    Dex: 34    Spells: 39/39 levels left

rFire   + + .      SeeInvis +   v - +5 broad axe
rCold   + + +      Faith    .   k - +1 tower shield
rNeg    . . .      Spirit   .   H - +3 plate armour {rF+}
rPois   .          Reflect  +   (helmet restricted)
rElec   .          Harm     .   G - +0 cloak
rCorr   +          Rampage  .   w - +1 pair of gloves
Will    +....      NoTele   +   u - +0 pair of boots
Stlth   ..........              C - amulet of Haim {Reflect rC+ SH+5 SInv}
HPRegen 0.36/turn               N - ring of Sequt {rF+ rC++ rCorr Str+4 Stlth-}
MPRegen 0.22/turn               W - ring of Bugirchi {Str+4 Dex+6 Slay+3}

@: paralysed, slowed, studying Transmutations, very slow
A: horns 2, retaliatory headbutt, dopey 1
a: Renounce Religion, Bend Time, Temporal Distortion, Slouch, Step From Time


You were in the Dungeon.
You worshipped Cheibriados.
Cheibriados was exalted by your worship.
You visited 1 branch You collected 81 gold pieces.

Inventory:

Hand Weapons
 v - a +5 broad axe (weapon)
Missiles
 h - 5 boomerangs (quivered)
 m - 27 stones
 I - 5 javelins
Armour
 c - a +0 buckler
 k - a +1 tower shield (worn)
 u - a +0 pair of boots (worn)
 w - a +1 pair of gloves (worn)
 G - a +0 cloak (worn)
 H - a +3 plate armour of fire resistance (worn)
Jewellery
 r - the amulet "Noitade" {RegenMP +Blink rElec Will+}
   (You found it in the Dungeon)

   [amulet of magic regeneration]

   It increases your rate of magic regeneration.
   rElec:     It insulates you from electricity.
   +Blink:    It lets you blink.
   Will:      It increases your willpower.
 s - the ring of the Many Smoking Souls {rF+ rC+ rN++}
   (You found it in the Dungeon)

   [ring of protection from cold]

   rF:        It protects you from fire.
   rC:        It protects you from cold.
   rN:        It greatly protects you from negative energy.
 C - the amulet of Haim (around neck) {Reflect rC+ SH+5 SInv}
   (You found it in the Dungeon)

   [amulet of reflection]

   It reflects blocked missile attacks.
   rC:        It protects you from cold.
   SInv:      It lets you see invisible.
   SH:        It affects your SH (+5).
 D - the amulet of Sithyrgha {RegenMP -Tele +Inv Fly}
   (You found it in the Dungeon)

   [amulet of magic regeneration]

   It increases your rate of magic regeneration.
   +Inv:      It lets you turn invisible.
   Fly:       It grants you flight.
   -Tele:     It prevents most forms of teleportation.
 K - the ring of Division {Will+ Str+3 Int+8 Dex-3 SInv}
   (You found it in the Dungeon)

   [ring of willpower]

   Str:       It affects your strength (+3).
   Int:       It affects your intelligence (+8).
   Dex:       It affects your dexterity (-3).
   SInv:      It lets you see invisible.
   Will:      It increases your willpower.
 L - the ring "Baisit" {Will+ rCorr Int-3 Dex+4}
   (You found it in the Dungeon)

   [ring of willpower]

   Int:       It affects your intelligence (-3).
   Dex:       It affects your dexterity (+4).
   rCorr:     It protects you from acid and corrosion.
   Will:      It increases your willpower.
 M - the amulet "Renap" {RegenMP +Blink rN+++ Str-5}
   (You found it in the Dungeon)

   [amulet of magic regeneration]

   It increases your rate of magic regeneration.
   Str:       It affects your strength (-5).
   rN:        It renders you almost immune to negative energy.
   +Blink:    It lets you blink.
 N - the ring of Sequt (left hand) {rF+ rC++ rCorr Str+4 Stlth-}
   (You found it in the Dungeon)

   [ring of protection from fire]

   Str:       It affects your strength (+4).
   rF:        It protects you from fire.
   rC:        It greatly protects you from cold.
   rCorr:     It protects you from acid and corrosion.
   Stlth:     It makes you less stealthy.
 P - the amulet of Propriety {Acrobat rElec Will+}
   (You found it in the Dungeon)

   [amulet of the acrobat]

   It increases your evasion while moving and waiting.
   rElec:     It insulates you from electricity.
   Will:      It increases your willpower.
 Q - the ring of Golaocy {rPois AC+6}
   (You found it in the Dungeon)

   [ring of protection]

   AC:        It affects your AC (+6).
   rPois:     It protects you from poison.
 R - the ring of Jugor {Str-3 Int+7 Slay+5 Stlth+}
   (You found it in the Dungeon)

   [ring of slaying]

   Str:       It affects your strength (-3).
   Int:       It affects your intelligence (+7).
   Slay:      It affects your accuracy & damage with ranged weapons and melee
   (+5).
   Stlth:     It makes you more stealthy.
 S - the ring of Xios {Wiz rPois}
   (You found it in the Dungeon)

   [ring of wizardry]

   It improves your spell success rate.
   rPois:     It protects you from poison.
 V - the ring "Ikhlim" {rPois rC+ rN+ rCorr}
   (You found it in the Dungeon)

   [ring of positive energy]

   rC:        It protects you from cold.
   rPois:     It protects you from poison.
   rN:        It protects you from negative energy.
   rCorr:     It protects you from acid and corrosion.
 W - the ring of Bugirchi (right hand) {Str+4 Dex+6 Slay+3}
   (You found it in the Dungeon)

   [ring of dexterity]

   Str:       It affects your strength (+4).
   Dex:       It affects your dexterity (+6).
   Slay:      It affects your accuracy & damage with ranged weapons and melee
   (+3).
 Y - the ring "Vucag" {rCorr Int+4 Dex+4}
   (You found it in the Dungeon)

   [ring of resist corrosion]

   Int:       It affects your intelligence (+4).
   Dex:       It affects your dexterity (+4).
   rCorr:     It protects you from acid and corrosion.
Wands
 q - a wand of acid (18)
 F - a wand of flame (22)
Scrolls
 j - a scroll of blinking
 n - 6 scrolls of amnesia
 o - a scroll of summoning
 x - 6 scrolls of enchant armour
 y - a scroll of fog
 z - 7 scrolls of identify
 B - 2 scrolls of fear
 E - a scroll of brand weapon
Potions
 a - a potion of lignification {unknown}
 b - 5 potions of magic
 d - a potion of might
 e - 6 potions of curing
 f - 20 potions of heal wounds
 g - 7 potions of haste
 i - 3 potions of berserk rage
 l - 2 potions of invisibility
 t - 3 potions of brilliance
 A - a potion of resistance


   Skills:
 + Level 21.1 Fighting
 - Level 18.0 Axes
 + Level 9.4 Throwing
 + Level 21.1 Armour
 + Level 19.1 Dodging
 + Level 21.0 Shields
 - Level 14.0 Unarmed Combat
 + Level 12.9 Spellcasting
 + Level 5.1 Translocations
 + Level 8.1 Transmutations
 - Level 14.0 Invocations


You had 39 spell levels left.
You didn't know any spells.
Your spell library contained the following spells:

 Spells                   Type           Power      Damage    Failure   Level
 Beastly Appendage        Tmut           100%       N/A       1%          1
 Wereblood                Tmut           50%        N/A       1%          2
 Apportation              Tloc           74%        N/A       2%          1
 Passwall                 Tmut/Erth      26%        N/A       6%          2
 Gell's Gravitas          Tloc           37%        N/A       8%          3
 Teleport Other           Tloc           37%        N/A       8%          3
 Spider Form              Tmut/Pois      32%        N/A       12%         3
 Magic Dart               Conj           56%        1d5       22%         1
 Necrotise                Necr           56%        1d6       22%         1
 Summon Small Mammal      Summ           56%        N/A       22%         1
 Ignite Poison            Fire/Tmut/Pois 26%        N/A       22%         3
 Blade Hands              Tmut           25%        N/A       22%         5
 Passage of Golubria      Tloc           37%        N/A       26%         4
 Call Imp                 Summ           14%        N/A       32%         2
 Poisonous Vapours        Pois/Air       28%        N/A       32%         2
 Static Discharge         Conj/Air       14%        3-5/arc   32%         2
 Sublimation of Blood     Necr           14%        N/A       32%         2
 Ice Form                 Ice/Tmut       32%        N/A       38%         4
 Conjure Flame            Conj/Fire      14%        6-21      54%         3
 Mephitic Cloud           Conj/Pois/Air  14%        N/A       54%         3
 Tukima's Dance           Hex            14%        N/A       54%         3
 Alistair's Intoxication  Tmut/Pois      21%        N/A       75%         5
 Yara's Violent Unravell  Hex/Tmut       16%        3d8       75%         5
 Airstrike                Air            7%         2d(1-17)  91%         4
 Animate Armour           Summ/Erth      28%        N/A       91%         4
 Animate Dead             Necr           14%        N/A       91%         4
 Hailstorm                Conj/Ice       14%        3d5       91%         4
 Olgreb's Toxic Radiance  Pois           14%        N/A       91%         4
 Sticky Flame             Conj/Fire      14%        2d4       91%         4
 Summon Ice Beast         Ice/Summ       14%        N/A       91%         4
 Summon Lightning Spire   Summ/Air       14%        N/A       91%         4
 Summon Forest            Summ/Tloc      12%        N/A       91%         5
 Borgnjor's Vile Clutch   Necr/Erth      7%         N/A       99%         5
 Fireball                 Conj/Fire      7%         3d5       99%         5
 Iskenderun's Battlesphe  Conj           14%        2d7       99%         5
 Lightning Bolt           Conj/Air       7%         1d19      99%         5
 Silence                  Hex/Air        7%         N/A       99%         5
 Summon Mana Viper        Hex/Summ       14%        N/A       99%         5
 Eringya's Noxious Bog    Tmut/Pois      16%        N/A       99%         6
 Conjure Ball Lightning   Conj/Air       7%         3x3d6     100%        6
 Iron Shot                Conj/Erth      7%         9d2       100%        6
 Simulacrum               Ice/Necr       7%         N/A       100%        6
 Enfeeble                 Hex            7%         N/A       100%        7
 Monstrous Menagerie      Summ           7%         N/A       100%        7
 Orb of Destruction       Conj           7%         9d6       100%        7
 Ozocubu's Refrigeration  Ice            7%         4d9       100%        7
 Ignition                 Fire           7%         3d4       100%        8
 Maxwell's Capacitive Co  Air            7%         ∞         100%        8


Dungeon Overview and Level Annotations

Branches:
Dungeon (1/1)

Altars:
Ashenzari
Cheibriados
Dithmenos
Elyvilon
Fedhas
Gozag
Hepliaklqana
Kikubaaqudgha
Makhleb
Nemelex Xobeh
Okawaru
Qazlal
Ru
Sif Muna
Trog
Uskayaw
Vehumet
Wu Jian
Xom
Yredelemnul
Zin
The Shining One
Jiyva
Lugonu


Innate Abilities, Weirdness & Mutations

You have a pair of horns on your head.
You reflexively headbutt those who attack you in melee.
You are dopey. (Int -2)


Message History

The blast of flame hits you but does no damage.
A reaper comes into view.
It is wielding a +3 scythe of protection.
The fire dragon breathes flames at you. The blast of flame hits you!
You resist.
The sphinx mumbles some strange words.
You feel as though you will be slow longer.
Unknown command.
You barely miss the fire dragon. You headbutt the fire dragon!
The fire dragon is lightly wounded.
The fire dragon breathes flames at you. The blast of flame misses you.
You block the sphinx's attack. x3
You hit the fire dragon.
The fire dragon is lightly wounded.
You hit the sphinx.
The fire dragon bites you but does no damage.
You block the fire dragon's attack. x2
The sphinx mumbles some strange words.
Something smites you!
Unknown command.
Unknown command.
You slice the fire dragon!! You headbutt the fire dragon.
The fire dragon is heavily wounded.
You slash the sphinx!
The reaper hits you from afar with a +3 scythe of protection!!
You block the fire dragon's attack. x3
The sphinx mumbles some strange words.
You suddenly lose the ability to move!
The fire dragon bites you.
The fire dragon claws you but does no damage.
The fire dragon tramples you but does no damage.
The reaper hits you from afar with a +3 scythe of protection!!
The sphinx mumbles some strange words.
You struggle to resist.
The reaper hits you from afar with a +3 scythe of protection!!!
* * * LOW HITPOINT WARNING * * *
The fire dragon breathes flames at you. The blast of flame hits you.
You resist.
* * * LOW HITPOINT WARNING * * *
The sphinx hits you but does no damage. x3
The reaper hits you from afar with a +3 scythe of protection!!
You die...

#######################
+.......#....#.[)|....#
#....2D@.....#........#
#.....H.#...)#........#
#...#'###....'........#
#.. #......))#######.##
# ###..##.............#
.....##...).........#
.......##)#####.#####
.#..)#.)...#......##
#..))).....)..÷..##


You could see a fire dragon (catching breath), a sphinx and a reaper.

Vanquished Creatures
  An ancient lich (D)
  2 liches (D)
  A death cob (D)
  A sphinx (D)
  A shadow dragon (D)
  Kirke (D)
  Agnes (D)
  A draconian monk (D)
  2 nagarajas (D)
  A deep elf sorcerer (D)
  2 fire giants (D)
  2 frost giants (D)
  2 emperor scorpions (D)
  4 ghost moths (D)
  2 orc warlords (D)
  2 green draconians (D)
  4 deep elf annihilators (D)
  3 deep elf demonologists (D)
  A white draconian (D)
  A purple draconian (D)
  2 red draconians (D)
  A yellow draconian (D)
  A deep elf death mage (D)
  2 blizzard demons (D)
  A merfolk javelineer (D)
  A green death (D)
  A fire dragon (D)
  A great orb of eyes (D)
  A deep elf high priest (D)
  3 yaktaur captains (D)
  Harold (D)
  A hydra (D)
  2 ogre magi (D)
  An anaconda (D)
  A death knight (D)
  A catoblepas (D)
  A two-headed ogre (D)
  A centaur warrior (D)
  A death yak (D)
  2 alligators (D)
  3 merfolk avatars (D)
  3 naga warriors (D)
  A vampire mage (D)
  Sonja (D)
  A soul eater (D)
  6 hell knights (D)
  An iron troll (D)
  2 sea snakes (D)
  A flayed ghost (D)
  3 wizards (D)
  A spriggan druid (D)
  A deep troll (D)
  A deep elf zephyrmancer (D)
  A lindwurm (D)
  3 harpies (D)
  14 orc knights (D)
  A necromancer (D)
  A wolf spider (D)
  A manticore (shapeshifter) (D)
  A naga mage (D)
  2 manticores (D)
  A guardian serpent (D)
  6 elephants (D)
  2 orange demons (D)
  Maurice (D)
  3 yaktaurs (D)
  A demonic crawler (D)
  A hellwing (D)
  5 kobold demonologists (D)
  3 ice devils (D)
  A wandering mushroom (D)
  2 guardian mummies (D)
  2 red devils (D)
  6 merfolk (D)
  A troll (D)
  2 polar bears (D)
  8 slime creatures (D)
  A tarantella (D)
  2 tyrant leeches (D)
  A snapping turtle (D)
  5 blink frogs (D)
  A hornet (D)
  A jumping spider (D)
  A vampire (D)
  2 spriggans (D)
  A wraith (D)
  A fire bat (D)
  A basilisk (D)
  A neqoxec (D)
  A fire elemental (D)
  2 hogs (D)
  A chaos spawn (D)
  A warg (D)
  A small abomination (D)
  2 nagas (D)
  2 acid dragons (D)
  A water moccasin (D)
  A floating eye (D)
  Pargi (D)
  A black bear (D)
  2 orc warriors (D)
  2 kobold brigands (D)
  A crimson imp (D)
  A quasit (D)
  An iron imp (D)
  7 orc wizards (D)
  3 hell rats (D)
  A mummy (D)
  2 river rats (D)
  An adder (D)
  2 ufetubi (D)
  A worm (D)
  An adder skeleton (D)
  An adder simulacrum (D)
  6 orcs (D)
  A bat skeleton (D)
  A giant cockroach (D)
  2 goblins (D)
  A hobgoblin (D)
  2 ball pythons (D)
  A bat simulacrum (D)
  2 frilled lizards (D)
  6 kobolds (D)
  A rat (D)
236 creatures vanquished.

Vanquished Creatures (others)
  A ghost moth (D)
  A merfolk javelineer (D)
  A wizard (D)
  An unseen horror (D)
  2 humans (D)
6 creatures vanquished.

Grand Total: 242 creatures vanquished

Notes
Turn   | Place    | Note
-------+----------+-------------------------------------------
     0 | D        | Groucho the Minotaur Fighter began the quest for the Orb.
     0 | D        | Reached XP level 1. HP: 19/19 MP: 0/0
    39 | D        | Found a glowing golden altar of the Shining One.
    39 | D        | Found a glowing silver altar of Zin.
    39 | D        | Found a basalt altar of Yredelemnul.
    39 | D        | Found a shimmering altar of Xom.
    39 | D        | Found an ornate altar of the Wu Jian Council.
    39 | D        | Found a bloodstained altar of Trog.
    39 | D        | Found a shimmering blue altar of Sif Muna.
    39 | D        | Found a sacrificial altar of Ru.
    39 | D        | Found a stormy altar of Qazlal.
    39 | D        | Found an iron altar of Okawaru.
    39 | D        | Found a sparkling altar of Nemelex Xobeh.
    39 | D        | Found a burning altar of Makhleb.
    39 | D        | Found a viscous altar of Jiyva.
    39 | D        | Found a hazy altar of Hepliaklqana.
    39 | D        | Found an opulent altar of Gozag.
    39 | D        | Found a blossoming altar of Fedhas.
    39 | D        | Found a white marble altar of Elyvilon.
    39 | D        | Found a shadowy altar of Dithmenos.
    39 | D        | Found a snail-covered altar of Cheibriados.
    40 | D        | Found a radiant altar of Vehumet.
    40 | D        | Found a corrupted altar of Lugonu.
    41 | D        | Found a hide-covered altar of Uskayaw.
    41 | D        | Found an ancient bone altar of Kikubaaqudgha.
    41 | D        | Found a broken altar of Ashenzari.
    51 | D        | Became a worshipper of Cheibriados the Contemplative
    68 | D        | Reached skill level 1 in Unarmed Combat
    80 | D        | Reached * piety under Cheibriados
    81 | D        | Reached skill level 1 in Spellcasting
    81 | D        | Reached XP level 2. HP: 26/28 MP: 0/2
    82 | D        | Noticed a floating eye
    85 | D        | Killed a floating eye
    86 | D        | Reached skill level 5 in Fighting
    86 | D        | Reached skill level 5 in Armour
    86 | D        | Reached skill level 5 in Shields
    86 | D        | Reached XP level 3. HP: 35/36 MP: 0/5
    86 | D        | Reached XP level 4. HP: 41/42 MP: 0/6
    88 | D        | Reached ** piety under Cheibriados
   344 | D        | Reached *** piety under Cheibriados
   351 | D        | Reached skill level 5 in Axes
   351 | D        | Reached XP level 5. HP: 43/50 MP: 7/7
   554 | D        | Noticed Pargi
   564 | D        | Reached **** piety under Cheibriados
   566 | D        | Reached ***** piety under Cheibriados
   567 | D        | Reached skill level 5 in Unarmed Combat
   567 | D        | Reached XP level 6. HP: 54/58 MP: 2/9
   567 | D        | Killed Pargi
   570 | D        | Reached skill level 5 in Dodging
   800 | D        | Noticed an orc warrior
   807 | D        | Killed an orc warrior
   808 | D        | Reached XP level 7. HP: 50/66 MP: 11/11
   884 | D        | Reached ****** piety under Cheibriados
   904 | D        | Reached skill level 5 in Invocations
   913 | D        | Noticed Harold
   914 | D        | Noticed a kobold demonologist
   917 | D        | Noticed a red devil
   918 | D        | Killed a kobold demonologist
   930 | D        | Killed Harold
   931 | D        | Reached XP level 8. HP: 51/77 MP: 2/14
  1053 | D        | Noticed a sea snake
  1054 | D        | Noticed a jumping spider
  1055 | D        | Killed a jumping spider
  1057 | D        | Killed a sea snake
  1058 | D        | Reached skill level 5 in Spellcasting
  1058 | D        | Reached XP level 9. HP: 62/84 MP: 9/15
  1337 | D        | Noticed a manticore
  1337 | D        | Noticed a kobold demonologist
  1340 | D        | Noticed a kobold demonologist
  1342 | D        | Killed a manticore
  1343 | D        | Reached skill level 10 in Armour
  1343 | D        | Reached skill level 10 in Shields
  1345 | D        | Killed a kobold demonologist
  1346 | D        | Reached skill level 10 in Fighting
  1346 | D        | Killed a kobold demonologist
  1347 | D        | Reached skill level 10 in Axes
  1693 | D        | Noticed a deep troll
  1702 | D        | Killed a deep troll
  1765 | D        | Noticed a merfolk avatar
  1765 | D        | Noticed a death yak
  1765 | D        | Noticed a tyrant leech
  1770 | D        | Killed a merfolk avatar
  1771 | D        | Reached XP level 10. HP: 94/94 MP: 1/18
  1782 | D        | Killed a death yak
  2059 | D        | Noticed an orange demon
  2065 | D        | Killed an orange demon
  2242 | D        | Reached skill level 10 in Unarmed Combat
  2256 | D        | Noticed a sea snake
  2324 | D        | Killed a sea snake
  2325 | D        | Reached skill level 10 in Dodging
  2413 | D        | Reached XP level 11. HP: 71/104 MP: 8/20
  2416 | D        | Killed a ghost moth
  2854 | D        | Noticed a flayed ghost
  2860 | D        | Killed a flayed ghost
  3049 | D        | Reached skill level 10 in Invocations
  3052 | D        | Noticed a deep elf zephyrmancer
  3057 | D        | Killed a deep elf zephyrmancer
  3075 | D        | Noticed a catoblepas
  3099 | D        | Killed a catoblepas
  3756 | D        | Noticed a merfolk avatar
  3763 | D        | Killed a merfolk avatar
  3899 | D        | Noticed a wizard
  3899 | D        | Noticed Maurice
  3911 | D        | Killed Maurice
  3921 | D        | Killed a wizard
  4343 | D        | Gained mutation: You are dopey. (Int -2) [a neqoxec]
  4383 | D        | Noticed a wizard
  4390 | D        | Killed a wizard
  4730 | D        | Noticed an orc knight
  4730 | D        | Noticed an orc knight
  4730 | D        | Noticed an orc knight
  4730 | D        | Noticed an orc knight
  4730 | D        | Noticed an orc knight
  4730 | D        | Noticed an orc knight
  4730 | D        | Noticed an orc warlord
  4730 | D        | Noticed an orc warlord
  4730 | D        | Noticed an orc knight
  4731 | D        | Noticed an orc knight
  4734 | D        | Killed an orc knight
  4734 | D        | Killed an orc knight
  4734 | D        | Killed an orc knight
  4735 | D        | Reached XP level 12. HP: 116/116 MP: 1/23
  4739 | D        | Killed an orc warlord
  4739 | D        | Killed an orc warlord
  5186 | D        | Noticed an emperor scorpion
  5186 | D        | Noticed a yaktaur captain
  5186 | D        | Noticed a naga warrior
  5186 | D        | Noticed a yaktaur captain
  5190 | D        | Killed an emperor scorpion
  5190 | D        | Killed a yaktaur captain
  5190 | D        | Killed a yaktaur captain
  5191 | D        | Reached skill level 15 in Armour
  5196 | D        | Killed a naga warrior
  5197 | D        | Reached skill level 15 in Fighting
  5201 | D        | Reached skill level 15 in Shields
  5330 | D        | Noticed a naga warrior
  5335 | D        | Reached skill level 15 in Axes
  5335 | D        | Reached XP level 13. HP: 127/127 MP: 0/25
  5337 | D        | Killed a ghost moth
  5881 | D        | Noticed a fire giant
  5881 | D        | Noticed a purple draconian
  5891 | D        | Killed a purple draconian
  5893 | D        | Killed a fire giant
  5895 | D        | Killed a ghost moth
  6381 | D        | Noticed a blizzard demon
  6384 | D        | Reached skill level 10 in Spellcasting
  6385 | D        | Noticed Agnes
  6390 | D        | Killed a blizzard demon
  6392 | D        | Killed Agnes
  6392 | D        | Noticed a yellow draconian
  6393 | D        | Reached skill level 15 in Dodging
  6401 | D        | Killed a yellow draconian
  6431 | D        | Noticed Sonja
  6432 | D        | Killed Sonja
  6436 | D        | Noticed a green draconian
  6440 | D        | Noticed a merfolk javelineer
  6443 | D        | Killed a merfolk javelineer
  6447 | D        | Killed a green draconian
  6462 | D        | Reached XP level 14. HP: 48/140 MP: 5/27
  6862 | D        | Killed a ghost moth
  6872 | D        | Noticed a nagaraja
  6892 | D        | Killed a nagaraja
  7112 | D        | Noticed a frost giant
  7121 | D        | Killed a frost giant
  7126 | D        | Paralysed by something for 3 turns
  7132 | D        | Noticed a sphinx
  7142 | D        | Killed a sphinx
  7143 | D        | Reached skill level 1 in Throwing
  7146 | D        | Noticed a deep elf sorcerer
  7147 | D        | Noticed a nagaraja
  7151 | D        | Killed a deep elf sorcerer
  7157 | D        | Killed a nagaraja
  7162 | D        | Noticed an ancient lich
  7167 | D        | Noticed a shadow dragon
  7178 | D        | Killed an ancient lich
  7182 | D        | Noticed a lich
  7182 | D        | HP: 5/133 [shadow dragon/bolt of negative energy (63)]
  7188 | D        | Killed a shadow dragon
  7193 | D        | Killed a lich
  7201 | D        | Noticed a lich
  7222 | D        | Reached skill level 5 in Throwing
  7322 | D        | Killed a lich
  7833 | D        | Noticed a fire giant
  7834 | D        | Noticed a green draconian monk
  7841 | D        | Killed a fire giant
  7845 | D        | Killed a green draconian monk
  8269 | D        | Got the ring "Meananka" {Fire Str+4}
  8271 | D        | Got the ring of Division {Will+ Str+3 Int+8 Dex-3 SInv}
  8273 | D        | Got the ring of Tidiad {Fire rElec Will- rCorr}
  8275 | D        | Got the ring "Cure" {Fire rCorr Int-2 Slay+3}
  8277 | D        | Got the ring of Sequt {rF+ rC++ rCorr Str+4 Stlth-}
  8280 | D        | Got the ring "Weuq Don" {Str+4 SInv}
  8282 | D        | Got the ring "Voomal" {Fire rElec Str-2 Int+2}
  8284 | D        | Got the ring of Golaocy {rPois AC+6}
  8286 | D        | Got the ring "Loamoaz" {Fire Fly rN+ Str-5 Dex+4}
  8288 | D        | Got the ring of Xios {Wiz rPois}
  8290 | D        | Got the ring of Saan {Drain Fly Str+5 Dex+6}
  8293 | D        | Got the ring of the Salamander {Will+ Str+6}
  8295 | D        | Got the ring "Ikhlim" {rPois rC+ rN+ rCorr}
  8297 | D        | Got the ring of Bugirchi {Str+4 Dex+6 Slay+3}
  8312 | D        | Got the amulet "Muastrukk" {Faith -Cast Slay+5}
  8314 | D        | Got the ring "Vucag" {rCorr Int+4 Dex+4}
  8317 | D        | Got the amulet "Boquvy" {Spirit rC+ Dex+6}
  8338 | D        | Got the amulet of Xolal {Spirit Str+4}
  8340 | D        | Got the amulet of Day {Spirit rF+ rCorr Int+3}
  8342 | D        | Got the amulet "Noitade" {RegenMP +Blink rElec Will+}
  8345 | D        | Got the ring of the Many Smoking Souls {rF+ rC+ rN++}
  8347 | D        | Got the amulet of Haim {Reflect rC+ SH+5 SInv}
  8349 | D        | Got the amulet of Sithyrgha {RegenMP -Tele +Inv Fly}
  8351 | D        | Got the amulet of Paranoia {Spirit rF+ rC+ Str+6}
  8354 | D        | Got the ring "Baisit" {Will+ rCorr Int-3 Dex+4}
  8356 | D        | Got the amulet "Renap" {RegenMP +Blink rN+++ Str-5}
  8358 | D        | Got the amulet of Propriety {Acrobat rElec Will+}
  8360 | D        | Got the ring of Jugor {Str-3 Int+7 Slay+5 Stlth+}
  8372 | D        | Noticed a frost giant
  8381 | D        | Killed a frost giant
  8389 | D        | Got the Grimoire of Metal and Curses
  8398 | D        | Got Mimommuy's Dissertation on the Macabre Tempest
  8403 | D        | Got Joaqeost's Lessons on Lofty Transposition
  8420 | D        | Got the Writings on Stones and Peregrination
  8545 | D        | Reached skill level 1 in Transmutations
  8546 | D        | Reached skill level 1 in Translocations
  8791 | D        | Reached XP level 15. HP: 155/155 MP: 9/30
  8836 | D        | Reached skill level 5 in Transmutations
  8836 | D        | Noticed a death cob
  8840 | D        | Noticed Kirke
  8844 | D        | Killed a death cob
  8860 | D        | Killed Kirke
  8875 | D        | Noticed an emperor scorpion
  8897 | D        | Killed an emperor scorpion
  8938 | D        | Reached skill level 5 in Translocations
  9507 | D        | Noticed a sphinx
  9511 | D        | Paralysed by a sphinx for 4 turns
  9513 | D        | Slain by a reaper

Illustrated notes

Levels and vault maps discovered:
D:        pitsprint [storerooms_1, entrance_room_1, metal_vault_7, armoury_2,
          mini_pit_1, grid_room_1, main_hall_1, silver_pit, the_coven_1,
          the_vestibule_1, steel_vault_3, golden_pit, hallway_of_sentries,
          crystal_vault_5, iron_vault_4, final_vault]

Skill      XL: |  1  2  3  4  5  6  7  8  9 10 11 12 13 14 15 |
---------------+----------------------------------------------+-----
Unarmed Combat | 1 3 5 7 8 9 10 12 13 14 | 14.0
Fighting       | 4 5 6 7 8 9 10 12 13 15 17 20 21 | 21.1
Axes           | 3 4 5 6 8 9 10 11 13 15 17 18 | 18.0
Armour         | 4 5 6 7 9 11 12 13 15 17 20 21 | 21.1
Shields        | 4 5 6 7 9 10 12 13 15 17 19 21 | 21.0
Spellcasting   | 1 2 3 4 5 6 8 9 10 12 | 12.9
Dodging        | 2 3 4 5 7 8 10 12 13 15 18 19 | 19.1
Invocations    | 2 3 4 6 7 8 9 11 12 14 | 14.0
Throwing       | 6 9 |  9.4
Transmutations | 3 8 |  8.1
Translocations | 1 5 |  5.1

Action                   |  1- 3 |  4- 6 |  7- 9 | 10-12 | 13-15 || total
-------------------------+-------+-------+-------+-------+-------++-------
Melee: Hand axe          |    14 |    35 |    28 |       |       ||    77
       War axe           |     3 |       |    15 |   136 |    14 ||   168
       Headbutt          |     2 |     7 |    12 |    30 |    74 ||   125
       Broad axe         |       |       |       |       |   241 ||   241
Throw: Boomerang         |       |       |       |       |     5 ||     5
Invok: Slouch            |       |     1 |     9 |    27 |    43 ||    80
  Use: Potion            |       |       |     1 |     5 |    10 ||    16
 Stab: Distracted        |       |       |       |       |     1 ||     1
Armor: Scale mail        |     4 |     5 |       |       |       ||     9
       Plate armour      |       |    16 |    12 |    12 |    77 ||   117
       Chain mail        |       |       |     4 |    54 |       ||    58
Dodge: Dodged            |     8 |    10 |    31 |   101 |   181 ||   331
Block: Buckler           |     2 |    10 |    12 |    62 |    65 ||   151
       Tower shield      |       |       |       |       |   137 ||   137
       Reflection        |       |       |       |       |     8 ||     8
